3273 views
Uploaded 2020-04-16 03:36:49
Game version 1.32.3
17:10 long 4on4 ladder game on (8)Feralas_LV
Saved by Teelo
3273 views
Uploaded 2020-04-16 03:36:49
Game version 1.32.3
17:10 long 4on4 ladder game on (8)Feralas_LV


161 units @ 20.3k
/ 2.2k
90 buildings @ 13k
/ 6k



| Rod of Necromancy | 2 | 300 |
| Orb of Corruption | 1 | 375 |
| Scroll of Town Portal | 2 | 700 |
| total: | 5 | 1375g |
| Acolyte | 9 | 675 | / | 0 |
| Ghoul | 11 | 1320 | / | 0 |
| Obsidian Statue | 5 | 1000 | / | 175 |
| Forest Troll Shadow Priest | 1 | 195 | / | 10 |
| Forest Troll Berserker | 1 | 245 | / | 30 |
| Mud Golem | 1 | 145 | / | 10 |
| total: | 28 | 3580g | / | 225w |
| Nerubian Tower | 1 | 100 | / | 20 |
| Spirit Tower | 2 | 290 | / | 80 |
| Altar of Darkness | 1 | 180 | / | 50 |
| Ziggurat | 8 | 1200 | / | 400 |
| Crypt | 2 | 400 | / | 100 |
| Tomb of Relics | 2 | 260 | / | 60 |
| Graveyard | 1 | 215 | / | 0 |
| Necropolis | 2 | 450 | / | 0 |
| Slaughterhouse | 2 | 280 | / | 270 |
| Temple of the Damned | 1 | 155 | / | 140 |
| Halls of the Dead | 1 | 320 | / | 210 |
| Black Citadel | 1 | 325 | / | 230 |
| total: | 19 | 3140g | / | 1020w |
| 0:05 | Acolyte |
| 0:05 | Acolyte |
| 0:17 | Altar of Darkness |
| 0:20 | Ziggurat |
| 0:33 | Crypt |
| 0:57 | Tomb of Relics |
| 1:04 | Ziggurat |
| 1:32 | Tomb of Relics |
| 1:38 | Ghoul |
| 1:38 | Ghoul |
| 1:56 | Nerubian Tower |
| 2:02 | Ghoul |
| 2:17 | Impale |
| 2:27 | Ghoul |
| 2:28 | Cannibalize |
| 2:30 | Crypt |
| 3:00 | Graveyard |
| 3:02 | Acolyte |
| 3:02 | Acolyte |
| 3:06 | Rod of Necromancy |
| 3:18 | Ghoul |
| 3:18 | Ghoul |
| 4:09 | Ghoul |
| 5:09 | Ghoul |
| 5:11 | Halls of the Dead |
| 5:54 | Ghoul |
| 5:57 | Spiked Carapace |
| 5:58 | Rod of Necromancy |
| 6:11 | Ziggurat |
| 6:12 | Ziggurat |
| 7:03 | Necropolis |
| 7:10 | Ghoul |
| 7:25 | Forest Troll Shadow Priest |
| 7:37 | Acolyte |
| 7:37 | Acolyte |
| 7:38 | Ghoul |
| 7:45 | Impale |
| 7:53 | Forest Troll Berserker |
| 8:46 | Black Citadel |
| 9:05 | Mud Golem |
| 9:15 | Slaughterhouse |
| 9:33 | Spiked Carapace |
| 10:34 | Obsidian Statue |
| 10:34 | Obsidian Statue |
| 10:49 | Necropolis |
| 10:51 | Ziggurat |
| 10:51 | Ziggurat |
| 11:09 | Scroll of Town Portal |
| 11:17 | Carrion Swarm |
| 12:00 | Obsidian Statue |
| 12:00 | Obsidian Statue |
| 12:02 | Ghoul Frenzy |
| 12:05 | Slaughterhouse |
| 12:11 | Temple of the Damned |
| 12:37 | Acolyte |
| 12:55 | Spirit Tower |
| 12:57 | Acolyte |
| 12:57 | Acolyte |
| 13:04 | Destroyer Form |
| 13:34 | Orb of Corruption |
| 13:36 | Banshee Adept Training |
| 14:02 | Frost Nova |
| 14:24 | Ziggurat |
| 14:24 | Ziggurat |
| 15:29 | Banshee Master Training |
| 15:31 | Obsidian Statue |
| 15:43 | Scroll of Town Portal |
| 15:58 | Spirit Tower |
| Right click | 722 |
| Select | 263 |
| Select group | 154 |
| Build/train/purchase | 93 |
| Assign group | 84 |
| Misc. action | 39 |
| Use ability | 22 |
| Chat | 14 |
| Remove unit | 2 |
| Minimap ping | 2 |
| Item give/drop | 1 |

| Moonstone | 1 | 50 |
| Scroll of Town Portal | 3 | 1050 |
| Potion of Lesser Invulnerability | 1 | 150 |
| total: | 5 | 1250g |
| Wisp | 21 | 1260 | / | 0 |
| Archer | 4 | 520 | / | 40 |
| Huntress | 4 | 780 | / | 80 |
| Dryad | 7 | 1015 | / | 420 |
| Chimaera | 3 | 990 | / | 210 |
| total: | 39 | 4565g | / | 750w |
| Ancient Protector | 3 | 405 | / | 240 |
| Altar of Elders | 1 | 180 | / | 50 |
| Ancient of War | 1 | 150 | / | 60 |
| Moon Well | 5 | 900 | / | 200 |
| Hunter's Hall | 1 | 210 | / | 100 |
| Ancient of Wonders | 1 | 90 | / | 30 |
| Tree of Life | 2 | 680 | / | 370 |
| Ancient of Lore | 2 | 310 | / | 290 |
| Chimaera Roost | 2 | 280 | / | 380 |
| Tree of Ages | 1 | 320 | / | 180 |
| Tree of Eternity | 1 | 330 | / | 200 |
| total: | 18 | 3205g | / | 1720w |
| 0:03 | Wisp |
| 0:16 | Wisp |
| 0:29 | Wisp |
| 0:37 | Altar of Elders |
| 0:42 | Ancient of War |
| 0:45 | Wisp |
| 0:48 | Moon Well |
| 0:58 | Wisp |
| 1:14 | Wisp |
| 1:44 | Archer |
| 1:48 | Moon Well |
| 1:51 | Wisp |
| 2:08 | Hunter's Hall |
| 2:11 | Archer |
| 2:27 | Ancient of Wonders |
| 2:31 | Wisp |
| 2:39 | Scout |
| 2:45 | Archer |
| 2:47 | Wisp |
| 3:07 | Archer |
| 3:09 | Wisp |
| 3:17 | Moon Well |
| 4:22 | Tree of Ages |
| 4:27 | Huntress |
| 4:42 | Trueshot Aura |
| 4:57 | Huntress |
| 5:26 | Strength of the Wild |
| 5:27 | Ultravision |
| 5:41 | Huntress |
| 6:27 | Moon Well |
| 6:57 | Trueshot Aura |
| 7:13 | Ancient of Lore |
| 7:15 | Ancient of Lore |
| 7:17 | Wisp |
| 7:17 | Wisp |
| 7:29 | Tree of Life |
| 7:34 | Improved Bows |
| 7:34 | Moon Glaive |
| 8:12 | Reinforced Hides |
| 8:14 | Wisp |
| 8:15 | Wisp |
| 8:31 | Dryad |
| 8:35 | Dryad |
| 9:44 | Huntress |
| 9:45 | Dryad |
| 9:50 | Scroll of Town Portal |
| 9:52 | Moonstone |
| 10:17 | Tree of Eternity |
| 10:37 | Tree of Life |
| 10:41 | Improved Reinforced Hides |
| 11:44 | Abolish Magic |
| 12:28 | Scout |
| 12:54 | Dryad |
| 13:24 | Chimaera Roost |
| 13:26 | Chimaera Roost |
| 13:31 | Dryad |
| 13:45 | Wisp |
| 13:46 | Wisp |
| 13:46 | Wisp |
| 13:46 | Wisp |
| 13:46 | Wisp |
| 14:00 | Scroll of Town Portal |
| 14:05 | Dryad |
| 14:39 | Dryad |
| 14:48 | Chimaera |
| 14:53 | Chimaera |
| 15:00 | Moon Well |
| 15:46 | Scroll of Town Portal |
| 15:46 | Potion of Lesser Invulnerability |
| 16:09 | Ancient Protector |
| 16:12 | Ancient Protector |
| 16:16 | Ancient Protector |
| 16:25 | Wisp |
| 16:25 | Wisp |
| 16:42 | Chimaera |
| Right click | 945 |
| Select group | 386 |
| Select | 271 |
| Build/train/purchase | 86 |
| Assign group | 76 |
| Misc. action | 33 |
| Use ability | 8 |
| Remove unit | 1 |


| Potion of Healing | 2 | 300 |
| Scroll of Regeneration | 2 | 200 |
| Scroll of Town Portal | 2 | 700 |
| Potion of Lesser Invulnerability | 1 | 150 |
| total: | 7 | 1350g |
| Peasant | 32 | 2400 | / | 0 |
| Rifleman | 18 | 3690 | / | 540 |
| Sorceress | 4 | 620 | / | 80 |
| Spell Breaker | 2 | 430 | / | 60 |
| Priest | 2 | 270 | / | 20 |
| total: | 58 | 7410g | / | 700w |
| Scout Tower | 7 | 210 | / | 140 |
| Arcane Tower | 2 | 140 | / | 100 |
| Guard Tower | 2 | 140 | / | 100 |
| Altar of Kings | 1 | 180 | / | 50 |
| Farm | 8 | 640 | / | 160 |
| Barracks | 1 | 160 | / | 60 |
| Blacksmith | 1 | 140 | / | 60 |
| Lumber Mill | 1 | 120 | / | 0 |
| Town Hall | 1 | 385 | / | 205 |
| Arcane Vault | 1 | 130 | / | 30 |
| Arcane Sanctum | 3 | 450 | / | 420 |
| Keep | 2 | 640 | / | 420 |
| Castle | 2 | 720 | / | 420 |
| total: | 24 | 2415g | / | 1125w |
| 0:06 | Peasant |
| 0:06 | Peasant |
| 0:18 | Altar of Kings |
| 0:21 | Farm |
| 0:34 | Peasant |
| 0:34 | Peasant |
| 0:34 | Peasant |
| 0:41 | Peasant |
| 0:41 | Peasant |
| 0:57 | Barracks |
| 1:01 | Farm |
| 1:05 | Peasant |
| 1:05 | Peasant |
| 1:05 | Peasant |
| 1:17 | Peasant |
| 1:17 | Peasant |
| 1:17 | Peasant |
| 1:38 | Blacksmith |
| 1:46 | Farm |
| 1:49 | Peasant |
| 1:49 | Peasant |
| 1:57 | Peasant |
| 1:57 | Peasant |
| 2:11 | Peasant |
| 2:11 | Peasant |
| 2:11 | Peasant |
| 2:22 | Peasant |
| 2:27 | Lumber Mill |
| 2:37 | Farm |
| 2:46 | Scout Tower |
| 2:52 | Peasant |
| 2:54 | Rifleman |
| 2:55 | Rifleman |
| 3:00 | Peasant |
| 3:01 | Peasant |
| 3:20 | Rifleman |
| 3:20 | Rifleman |
| 3:28 | Flame Strike |
| 3:42 | Rifleman |
| 4:27 | Town Hall |
| 4:29 | Scout Tower |
| 4:31 | Scout Tower |
| 4:33 | Scout Tower |
| 4:36 | Scout Tower |
| 4:38 | Scout Tower |
| 4:45 | Siphon Mana |
| 5:00 | Arcane Tower |
| 5:02 | Guard Tower |
| 5:13 | Guard Tower |
| 5:37 | Rifleman |
| 6:08 | Keep |
| 6:22 | Rifleman |
| 6:52 | Rifleman |
| 7:02 | Black Gunpowder |
| 7:03 | Studded Leather Armor |
| 7:07 | Improved Masonry |
| 7:08 | Advanced Masonry |
| 7:20 | Rifleman |
| 7:45 | Rifleman |
| 7:53 | Arcane Tower |
| 7:55 | Farm |
| 8:07 | Rifleman |
| 8:26 | Arcane Vault |
| 8:32 | Long Rifles |
| 8:37 | Improved Lumber Harvesting |
| 8:37 | Advanced Lumber Harvesting |
| 8:38 | Peasant |
| 8:38 | Peasant |
| 8:38 | Peasant |
| 8:55 | Flame Strike |
| 9:04 | Arcane Sanctum |
| 9:21 | Arcane Sanctum |
| 9:28 | Peasant |
| 9:28 | Peasant |
| 9:33 | Blizzard |
| 9:37 | Potion of Healing |
| 9:39 | Potion of Healing |
| 10:25 | Arcane Sanctum |
| 10:28 | Farm |
| 10:30 | Refined Gunpowder |
| 10:32 | Sorceress Adept Training |
| 10:35 | Sorceress |
| 10:43 | Peasant |
| 10:43 | Peasant |
| 10:43 | Peasant |
| 10:50 | Potion of Lesser Invulnerability |
| 10:59 | Rifleman |
| 11:07 | Rifleman |
| 11:08 | Sorceress |
| 11:55 | Spell Breaker |
| 12:06 | Castle |
| 12:12 | Farm |
| 12:22 | Scroll of Regeneration |
| 12:24 | Scroll of Town Portal |
| 12:48 | Sorceress |
| 12:53 | Sorceress |
| 12:56 | Priest Adept Training |
| 13:12 | Rifleman |
| 13:13 | Rifleman |
| 13:51 | Farm |
| 14:12 | Spell Breaker |
| 14:28 | Scroll of Regeneration |
| 14:31 | Sorceress Master Training |
| 14:49 | Scroll of Town Portal |
| 15:19 | Rifleman |
| 15:33 | Priest |
| 15:43 | Rifleman |
| 15:58 | Scout Tower |
| 16:06 | Rifleman |
| 16:31 | Priest |
| Select group | 1324 |
| Right click | 629 |
| Select | 469 |
| Misc. action | 139 |
| Assign group | 105 |
| Build/train/purchase | 103 |
| Use ability | 27 |
| Minimap ping | 4 |
| Esc | 3 |
| Item give/drop | 1 |

| Healing Salve | 3 | 300 |
| Lesser Clarity Potion | 5 | 350 |
| Potion of Mana | 3 | 600 |
| Potion of Healing | 2 | 300 |
| Orb of Lightning | 1 | 375 |
| Scroll of Town Portal | 2 | 700 |
| total: | 16 | 2625g |
| Peon | 20 | 1500 | / | 0 |
| Grunt | 6 | 1200 | / | 0 |
| Tauren | 5 | 1400 | / | 400 |
| Shaman | 5 | 650 | / | 100 |
| total: | 36 | 4750g | / | 500w |
| Watch Tower | 14 | 1540 | / | 1120 |
| Altar of Storms | 1 | 180 | / | 50 |
| Orc Burrow | 6 | 960 | / | 240 |
| Barracks | 1 | 180 | / | 50 |
| War Mill | 2 | 410 | / | 0 |
| Voodoo Lounge | 1 | 130 | / | 30 |
| Great Hall | 1 | 385 | / | 185 |
| Spirit Lodge | 1 | 150 | / | 150 |
| Tauren Totem | 2 | 270 | / | 310 |
| Stronghold | 1 | 315 | / | 190 |
| Fortress | 1 | 325 | / | 190 |
| total: | 29 | 4205g | / | 2135w |
| 0:04 | Peon |
| 0:04 | Peon |
| 0:05 | Peon |
| 0:25 | Altar of Storms |
| 0:36 | Orc Burrow |
| 0:47 | Peon |
| 0:52 | Barracks |
| 1:02 | Peon |
| 1:02 | Peon |
| 1:17 | War Mill |
| 1:22 | Peon |
| 1:40 | Voodoo Lounge |
| 1:57 | Orc Burrow |
| 2:12 | Grunt |
| 2:28 | Serpent Ward |
| 2:40 | Steel Melee Weapons |
| 3:02 | Grunt |
| 3:17 | Stronghold |
| 3:31 | Steel Armor |
| 3:56 | Grunt |
| 4:07 | Healing Wave |
| 4:11 | Orc Burrow |
| 4:15 | Healing Salve |
| 4:16 | Lesser Clarity Potion |
| 4:19 | Lesser Clarity Potion |
| 4:43 | Grunt |
| 5:47 | Fortress |
| 6:09 | Great Hall |
| 6:18 | Watch Tower |
| 6:24 | Watch Tower |
| 6:30 | Watch Tower |
| 6:47 | Healing Wave |
| 7:06 | Berserker Strength |
| 7:24 | Healing Salve |
| 7:24 | Lesser Clarity Potion |
| 7:29 | Potion of Mana |
| 7:32 | Potion of Mana |
| 7:46 | Watch Tower |
| 8:21 | Grunt |
| 8:22 | Peon |
| 8:23 | Peon |
| 8:23 | Peon |
| 8:23 | Peon |
| 8:23 | Peon |
| 8:30 | Spirit Lodge |
| 9:03 | Grunt |
| 9:14 | Watch Tower |
| 9:32 | Serpent Ward |
| 10:03 | Peon |
| 10:03 | Peon |
| 10:04 | Peon |
| 10:08 | Potion of Healing |
| 10:12 | Healing Salve |
| 10:15 | Lesser Clarity Potion |
| 10:18 | Scroll of Town Portal |
| 10:18 | Orb of Lightning |
| 10:23 | Shaman Adept Training |
| 10:32 | Peon |
| 10:42 | Tauren Totem |
| 10:49 | Pillage |
| 10:56 | War Mill |
| 11:02 | Thorium Melee Weapons |
| 11:02 | Arcanite Melee Weapons |
| 11:20 | Peon |
| 11:23 | Orc Burrow |
| 11:24 | Orc Burrow |
| 11:25 | Orc Burrow |
| 12:12 | Shaman Master Training |
| 12:13 | Tauren |
| 12:17 | Shaman |
| 13:04 | Tauren |
| 13:05 | Shaman |
| 13:05 | Shaman |
| 13:07 | Scroll of Town Portal |
| 13:08 | Potion of Healing |
| 13:12 | Lesser Clarity Potion |
| 13:13 | Potion of Mana |
| 13:19 | Tauren Totem |
| 13:23 | Tauren |
| 13:25 | Shaman |
| 13:26 | Shaman |
| 13:35 | Watch Tower |
| 13:52 | Tauren |
| 14:22 | Thorium Armor |
| 14:51 | Reinforced Defenses |
| 14:55 | Peon |
| 14:55 | Peon |
| 15:25 | Tauren |
| 15:36 | Healing Wave |
| 15:47 | Watch Tower |
| 15:48 | Watch Tower |
| 15:48 | Watch Tower |
| 15:49 | Watch Tower |
| 16:05 | Watch Tower |
| 16:06 | Watch Tower |
| 16:07 | Watch Tower |
| 16:56 | Watch Tower |
| 17:10 | Peon |
| Select group | 474 |
| Right click | 196 |
| Chat | 173 |
| Select | 148 |
| Misc. action | 103 |
| Assign group | 96 |
| Build/train/purchase | 81 |
| Use ability | 63 |
| Item give/drop | 4 |
| Minimap ping | 2 |
139 units @ 19.6k
/ 2.5k
78 buildings @ 12.6k
/ 5.4k

| Rod of Necromancy | 3 | 450 |
| Lesser Clarity Potion | 1 | 70 |
| Orb of Corruption | 1 | 375 |
| Dust of Appearance | 1 | 75 |
| Scroll of Town Portal | 1 | 350 |
| Scroll of Healing | 1 | 250 |
| Boots of Speed | 1 | 250 |
| Potion of Lesser Invulnerability | 1 | 150 |
| Healing Salve | 1 | 100 |
| total: | 11 | 2070g |
| Acolyte | 7 | 525 | / | 0 |
| Ghoul | 15 | 1800 | / | 0 |
| Frost Wyrm | 6 | 2310 | / | 720 |
| total: | 28 | 4635g | / | 720w |
| Nerubian Tower | 1 | 100 | / | 20 |
| Spirit Tower | 1 | 145 | / | 40 |
| Altar of Darkness | 1 | 180 | / | 50 |
| Ziggurat | 8 | 1200 | / | 400 |
| Crypt | 2 | 400 | / | 100 |
| Tomb of Relics | 1 | 130 | / | 30 |
| Graveyard | 1 | 215 | / | 0 |
| Necropolis | 1 | 225 | / | 0 |
| Sacrificial Pit | 1 | 75 | / | 150 |
| Boneyard | 3 | 525 | / | 600 |
| Halls of the Dead | 1 | 320 | / | 210 |
| Black Citadel | 2 | 650 | / | 460 |
| total: | 18 | 2950g | / | 1330w |
| 0:05 | Acolyte |
| 0:10 | Altar of Darkness |
| 0:14 | Ziggurat |
| 0:25 | Crypt |
| 0:35 | Acolyte |
| 1:01 | Tomb of Relics |
| 1:19 | Graveyard |
| 1:28 | Ghoul |
| 1:28 | Ghoul |
| 1:42 | Ghoul |
| 1:56 | Ziggurat |
| 2:11 | Rod of Necromancy |
| 2:16 | Sleep |
| 2:24 | Ghoul |
| 2:43 | Ghoul |
| 3:02 | Ghoul |
| 3:07 | Crypt |
| 3:18 | Ghoul |
| 3:25 | Carrion Swarm |
| 3:37 | Rod of Necromancy |
| 3:39 | Acolyte |
| 3:49 | Ghoul |
| 4:23 | Necropolis |
| 4:27 | Cannibalize |
| 4:56 | Ghoul |
| 5:44 | Ghoul |
| 6:14 | Halls of the Dead |
| 6:16 | Acolyte |
| 6:17 | Acolyte |
| 6:17 | Acolyte |
| 6:18 | Acolyte |
| 6:25 | Ghoul |
| 6:36 | Rod of Necromancy |
| 6:41 | Dust of Appearance |
| 6:55 | Ziggurat |
| 7:23 | Ziggurat |
| 7:37 | Carrion Swarm |
| 7:56 | Ghoul |
| 7:59 | Unholy Strength |
| 8:02 | Boots of Speed |
| 8:23 | Potion of Lesser Invulnerability |
| 8:36 | Black Citadel |
| 9:04 | Scroll of Town Portal |
| 9:10 | Nerubian Tower |
| 9:12 | Spirit Tower |
| 9:15 | Sacrificial Pit |
| 9:23 | Improved Unholy Strength |
| 9:24 | Ghoul |
| 9:54 | Ghoul |
| 10:27 | Ghoul |
| 10:54 | Unholy Armor |
| 11:02 | Boneyard |
| 11:05 | Boneyard |
| 11:17 | Sleep |
| 11:57 | Lesser Clarity Potion |
| 11:59 | Healing Salve |
| 12:07 | Boneyard |
| 12:09 | Advanced Unholy Strength |
| 13:03 | Freezing Breath |
| 13:07 | Creature Attack |
| 13:31 | Frost Wyrm |
| 14:14 | Ziggurat |
| 14:16 | Ziggurat |
| 14:19 | Ziggurat |
| 14:20 | Ziggurat |
| 14:49 | Ghoul Frenzy |
| 15:17 | Frost Wyrm |
| 15:29 | Orb of Corruption |
| 15:30 | Scroll of Healing |
| 15:38 | Frost Wyrm |
| 15:45 | Improved Creature Attack |
| 15:45 | Advanced Creature Attack |
| 15:57 | Frost Wyrm |
| 16:21 | Frost Wyrm |
| 16:40 | Vampiric Aura |
| 16:52 | Frost Wyrm |
| Select group | 1795 |
| Right click | 1040 |
| Select | 274 |
| Misc. action | 152 |
| Build/train/purchase | 98 |
| Assign group | 54 |
| Resource trade | 38 |
| Use ability | 24 |
| Item give/drop | 7 |
| Minimap ping | 2 |
| Esc | 1 |

| Orb of Venom | 1 | 325 |
| Scroll of Town Portal | 2 | 700 |
| total: | 3 | 1025g |
| Wisp | 28 | 1680 | / | 0 |
| Archer | 9 | 1170 | / | 90 |
| Faerie Dragon | 12 | 1860 | / | 300 |
| total: | 49 | 4710g | / | 390w |
| Ancient Protector | 9 | 1215 | / | 720 |
| Altar of Elders | 1 | 180 | / | 50 |
| Ancient of War | 1 | 150 | / | 60 |
| Moon Well | 9 | 1620 | / | 360 |
| Ancient of Wonders | 1 | 90 | / | 30 |
| Hunter's Hall | 1 | 210 | / | 100 |
| Tree of Life | 1 | 340 | / | 185 |
| Ancient of Wind | 4 | 600 | / | 560 |
| Tree of Ages | 1 | 320 | / | 180 |
| Tree of Eternity | 1 | 330 | / | 200 |
| total: | 27 | 4405g | / | 2065w |
| 0:04 | Wisp |
| 0:11 | Altar of Elders |
| 0:12 | Ancient of War |
| 0:19 | Moon Well |
| 0:27 | Wisp |
| 0:41 | Wisp |
| 0:50 | Wisp |
| 0:57 | Wisp |
| 1:15 | Archer |
| 1:30 | Archer |
| 1:43 | Moon Well |
| 2:02 | Ancient of Wonders |
| 2:06 | Wisp |
| 2:11 | Archer |
| 2:12 | Force of Nature |
| 2:36 | Moon Well |
| 2:40 | Moon Well |
| 2:48 | Archer |
| 2:54 | Wisp |
| 3:12 | Archer |
| 3:13 | Wisp |
| 3:23 | Entangling Roots |
| 3:27 | Wisp |
| 3:42 | Archer |
| 3:43 | Wisp |
| 3:44 | Wisp |
| 3:52 | Wisp |
| 3:52 | Wisp |
| 4:08 | Hunter's Hall |
| 4:40 | Tree of Ages |
| 4:44 | Force of Nature |
| 5:14 | Archer |
| 5:23 | Ancient Protector |
| 5:25 | Ancient Protector |
| 5:34 | Ancient Protector |
| 6:02 | Tree of Life |
| 6:13 | Moon Well |
| 6:17 | Archer |
| 6:18 | Archer |
| 7:03 | Wisp |
| 7:04 | Wisp |
| 7:09 | Strength of the Wild |
| 7:10 | Ancient of Wind |
| 7:12 | Ancient of Wind |
| 7:17 | Wisp |
| 7:31 | Wisp |
| 7:33 | Ancient of Wind |
| 7:54 | Ancient of Wind |
| 8:02 | Wisp |
| 8:03 | Wisp |
| 8:03 | Wisp |
| 8:09 | Ancient Protector |
| 8:12 | Ancient Protector |
| 8:15 | Wisp |
| 8:15 | Wisp |
| 8:27 | Ancient Protector |
| 8:31 | Wisp |
| 8:44 | Wisp |
| 9:18 | Wisp |
| 9:21 | Faerie Dragon |
| 9:34 | Wisp |
| 9:42 | Moon Well |
| 10:16 | Entangling Roots |
| 10:23 | Ancient Protector |
| 10:24 | Wisp |
| 10:26 | Faerie Dragon |
| 10:27 | Improved Strength of the Wild |
| 10:37 | Tree of Eternity |
| 11:06 | Faerie Dragon |
| 11:36 | Scroll of Town Portal |
| 11:49 | Reinforced Hides |
| 11:53 | Ancient Protector |
| 12:47 | Faerie Dragon |
| 13:07 | Advanced Strength of the Wild |
| 13:07 | Ultravision |
| 13:30 | Faerie Dragon |
| 13:33 | Moon Well |
| 14:11 | Scroll of Town Portal |
| 14:11 | Orb of Venom |
| 14:17 | Moon Well |
| 14:46 | Faerie Dragon |
| 15:10 | Improved Reinforced Hides |
| 15:23 | Ancient Protector |
| 15:25 | Moon Well |
| 15:34 | Wisp |
| 15:37 | Faerie Dragon |
| 15:39 | Faerie Dragon |
| 15:39 | Faerie Dragon |
| 15:39 | Faerie Dragon |
| 16:02 | Faerie Dragon |
| 16:19 | Faerie Dragon |
| Right click | 634 |
| Select group | 509 |
| Select | 348 |
| Build/train/purchase | 71 |
| Use ability | 22 |
| Assign group | 18 |
| Chat | 15 |
| Misc. action | 14 |
| Item give/drop | 6 |
| Esc | 1 |


| Healing Salve | 8 | 800 |
| Scroll of Speed | 1 | 50 |
| Lesser Clarity Potion | 2 | 140 |
| Orb of Lightning | 1 | 375 |
| Potion of Lesser Invulnerability | 1 | 150 |
| total: | 13 | 1515g |
| Peon | 9 | 675 | / | 0 |
| Grunt | 10 | 2000 | / | 0 |
| Raider | 4 | 720 | / | 160 |
| Kodo Beast | 2 | 510 | / | 120 |
| Troll Batrider | 5 | 800 | / | 200 |
| Wind Rider | 2 | 530 | / | 80 |
| total: | 32 | 5235g | / | 560w |
| Watch Tower | 4 | 440 | / | 320 |
| Altar of Storms | 1 | 180 | / | 50 |
| Orc Burrow | 6 | 960 | / | 240 |
| Barracks | 1 | 180 | / | 50 |
| Voodoo Lounge | 2 | 260 | / | 60 |
| War Mill | 1 | 205 | / | 0 |
| Beastiary | 2 | 290 | / | 280 |
| Stronghold | 1 | 315 | / | 190 |
| Fortress | 1 | 325 | / | 190 |
| total: | 17 | 2515g | / | 1000w |
| 0:02 | Peon |
| 0:03 | Peon |
| 0:09 | Altar of Storms |
| 0:19 | Orc Burrow |
| 0:20 | Peon |
| 0:37 | Barracks |
| 0:45 | Peon |
| 0:45 | Peon |
| 0:57 | Peon |
| 0:58 | Peon |
| 1:16 | Peon |
| 1:28 | Orc Burrow |
| 1:38 | Grunt |
| 1:38 | Grunt |
| 1:38 | Grunt |
| 1:50 | Peon |
| 2:03 | Voodoo Lounge |
| 2:10 | Critical Strike |
| 2:21 | Grunt |
| 2:21 | Grunt |
| 2:21 | Grunt |
| 2:40 | Grunt |
| 2:56 | Orc Burrow |
| 3:18 | Wind Walk |
| 3:27 | Stronghold |
| 3:28 | Healing Salve |
| 3:48 | Grunt |
| 4:15 | Healing Salve |
| 4:21 | Grunt |
| 4:49 | Grunt |
| 5:09 | Critical Strike |
| 5:50 | Fortress |
| 5:56 | Orc Burrow |
| 6:03 | Healing Salve |
| 6:07 | Healing Salve |
| 6:20 | Beastiary |
| 6:49 | Scroll of Speed |
| 6:49 | Lesser Clarity Potion |
| 6:51 | Hex |
| 6:53 | Wind Walk |
| 7:05 | Berserker Strength |
| 7:14 | Beastiary |
| 7:52 | Raider |
| 8:00 | Potion of Lesser Invulnerability |
| 8:15 | War Mill |
| 8:17 | Healing Salve |
| 8:18 | Healing Salve |
| 8:23 | Pillage |
| 8:24 | Raider |
| 8:27 | Raider |
| 8:57 | Ensnare |
| 8:58 | Orc Burrow |
| 9:07 | Healing Wave |
| 10:07 | Raider |
| 10:24 | Kodo Beast |
| 10:25 | Troll Batrider |
| 10:26 | Liquid Fire |
| 10:39 | Steel Ranged Weapons |
| 10:39 | Thorium Ranged Weapons |
| 10:39 | Arcanite Ranged Weapons |
| 10:41 | Reinforced Defenses |
| 10:43 | Watch Tower |
| 10:44 | Watch Tower |
| 10:46 | Watch Tower |
| 10:47 | Watch Tower |
| 11:02 | Orb of Lightning |
| 11:24 | Troll Batrider |
| 11:50 | Hex |
| 11:57 | Troll Batrider |
| 12:06 | Healing Salve |
| 12:06 | Healing Salve |
| 12:06 | Lesser Clarity Potion |
| 12:22 | Troll Batrider |
| 12:48 | Troll Batrider |
| 13:06 | Critical Strike |
| 14:15 | Orc Burrow |
| 14:17 | Voodoo Lounge |
| 14:38 | War Drums Damage Increase |
| 14:38 | Kodo Beast |
| 15:44 | Envenomed Spears |
| 16:14 | Wind Rider |
| 16:31 | Wind Rider |
| Right click | 898 |
| Select group | 419 |
| Select | 368 |
| Misc. action | 149 |
| Build/train/purchase | 133 |
| Assign group | 55 |
| Use ability | 51 |
| Minimap ping | 13 |
| Item give/drop | 6 |
| Esc | 2 |


| Healing Salve | 2 | 200 |
| Lesser Clarity Potion | 4 | 280 |
| Scroll of Speed | 1 | 50 |
| Potion of Mana | 1 | 200 |
| Tiny Great Hall | 3 | 1800 |
| Scroll of Town Portal | 3 | 1050 |
| total: | 14 | 3580g |
| Peon | 7 | 525 | / | 0 |
| Grunt | 4 | 800 | / | 0 |
| Shaman | 11 | 1430 | / | 220 |
| Tauren | 8 | 2240 | / | 640 |
| total: | 30 | 4995g | / | 860w |
| Watch Tower | 2 | 220 | / | 160 |
| Altar of Storms | 1 | 180 | / | 50 |
| Orc Burrow | 6 | 960 | / | 240 |
| Barracks | 1 | 180 | / | 50 |
| Voodoo Lounge | 1 | 130 | / | 30 |
| War Mill | 2 | 410 | / | 0 |
| Great Hall | 1 | 385 | / | 185 |
| Spirit Lodge | 1 | 150 | / | 150 |
| Tauren Totem | 1 | 135 | / | 155 |
| Stronghold | 2 | 630 | / | 380 |
| Fortress | 1 | 325 | / | 190 |
| total: | 16 | 2750g | / | 1020w |
| 0:04 | Peon |
| 0:04 | Peon |
| 0:07 | Altar of Storms |
| 0:21 | Orc Burrow |
| 0:39 | Barracks |
| 0:51 | Peon |
| 1:10 | Peon |
| 1:22 | Peon |
| 1:36 | Peon |
| 1:41 | Orc Burrow |
| 1:45 | Grunt |
| 1:53 | Peon |
| 2:15 | Feral Spirit |
| 2:23 | Voodoo Lounge |
| 2:40 | Grunt |
| 2:59 | Stronghold |
| 3:17 | Grunt |
| 4:07 | Grunt |
| 4:23 | Orc Burrow |
| 4:56 | War Mill |
| 5:26 | Spirit Lodge |
| 5:29 | Fortress |
| 6:13 | Tauren Totem |
| 6:16 | Orc Burrow |
| 6:19 | War Mill |
| 6:27 | Healing Salve |
| 6:27 | Lesser Clarity Potion |
| 6:32 | Lesser Clarity Potion |
| 6:33 | Lesser Clarity Potion |
| 6:36 | War Stomp |
| 6:50 | Shaman Adept Training |
| 6:50 | Shaman |
| 6:51 | Shaman |
| 6:52 | Shaman |
| 6:52 | Shaman |
| 6:52 | Shaman |
| 7:39 | Chain Lighting |
| 7:57 | Tauren |
| 7:58 | Shaman Master Training |
| 8:00 | Shaman |
| 8:43 | Scroll of Town Portal |
| 8:51 | Healing Salve |
| 8:52 | Lesser Clarity Potion |
| 8:52 | Scroll of Speed |
| 9:05 | Shaman |
| 9:44 | Tauren |
| 9:45 | Tauren |
| 10:11 | Tauren |
| 10:12 | Shaman |
| 10:44 | Shaman |
| 10:45 | Orc Burrow |
| 11:25 | Tauren |
| 11:42 | Tauren |
| 11:51 | Endurance Aura |
| 11:51 | Endurance Aura |
| 11:51 | Endurance Aura |
| 12:24 | Reinforced Defenses |
| 12:32 | Scroll of Town Portal |
| 13:29 | Great Hall |
| 14:16 | Shaman |
| 14:16 | Shaman |
| 14:17 | Tauren |
| 14:17 | Tauren |
| 14:20 | Orc Burrow |
| 14:46 | Steel Melee Weapons |
| 14:47 | Steel Armor |
| 14:47 | Thorium Armor |
| 14:49 | Watch Tower |
| 15:03 | Chain Lighting |
| 15:15 | Watch Tower |
| 15:21 | Scroll of Town Portal |
| 15:21 | Potion of Mana |
| 15:46 | Tiny Great Hall |
| 15:46 | Tiny Great Hall |
| 15:46 | Tiny Great Hall |
| Right click | 1357 |
| Select group | 963 |
| Select | 323 |
| Misc. action | 132 |
| Build/train/purchase | 94 |
| Minimap ping | 45 |
| Assign group | 39 |
| Use ability | 24 |
| Esc | 6 |
⇛